 Dungeon Crawl Stone Soup version 0.28.0-53-g5a82cb258f (webtiles) character file.

Game seed: 11315939518801600860

33 safid the Digger (level 3, -2/20 HPs)
             Began as a Gargoyle Earth Elementalist on Sept 5, 2022.
             Slain by Terence
             ... wielding a +2 flail of protection
              (5 damage)
             ... on level 2 of the Dungeon.
             The game lasted 00:02:12 (2570 turns).

safid the Digger (Gargoyle Earth Elementalist)      Turns: 2570, Time: 00:02:13

Health: -2/20      AC:  5    Str: 11    XL:     3   Next: 29%
Magic:  2/6        EV: 12    Int: 17    God:
Gold:   37         SH:  0    Dex: 10    Spells: 5/6 levels left

rFire   . . .      SeeInvis .   d - +0 short sword
rCold   . . .      Faith    .   (no shield)
rNeg    + . .      Spirit   .   b - +0 robe
rPois   ∞          Reflect  .   (no helmet)
rElec   +          Harm     .   (no cloak)
rCorr   .          Rampage  .   (no gloves)
Will    +....                   (no boots)
Stlth   ++........              (no amulet)
HPRegen 0.06/turn               e - ring of willpower
MPRegen 0.10/turn               (no ring)

@: no status effects
A: sickness immunity, AC +3, negative energy resistance 1, electricity
resistance, torment resistance 1, petrification resistance
a: no special abilities


You were on level 2 of the Dungeon.
You visited 1 branch of the dungeon, and saw 2 of its levels.

You collected 37 gold pieces.

Inventory:

Hand Weapons
 d - a +0 short sword (weapon)
Missiles
 c - 29 stones
Armour
 b - a +0 robe (worn)
Jewellery
 a - a ring of see invisible
 e - a ring of willpower (left hand)
Scrolls
 f - 3 scrolls of identify {unknown}
 g - a scroll of brand weapon {unknown}
 h - a scroll of teleportation {unknown}
 i - a scroll of amnesia {unknown}


   Skills:
 + Level 1.3 Fighting
 - Level 2.0 Dodging
 - Level 2.1 Stealth
 + Level 2.3 Spellcasting
 - Level 1.0 Transmutations
 + Level 4.0 Earth Magic


You had 5 spell levels left.
You knew the following spells:

 Your Spells              Type           Power      Damage    Failure   Level
a - Sandblast             Erth           30%        2d9       3%          1

Your spell library contained the following spells:

 Spells                   Type           Power      Damage    Failure   Level
 Passwall                 Tmut/Erth      8%         N/A       10%         2
 Stone Arrow              Conj/Erth      16%        3d8       24%         3
 Gell's Gravitas          Tloc           2%         N/A       50%         3
 Lesser Beckoning         Tloc           2%         N/A       50%         3
 Teleport Other           Tloc           2%         N/A       50%         3
 Petrify                  Tmut/Erth      10%        N/A       54%         4


Dungeon Overview and Level Annotations

Branches:
Dungeon (2/15)

Altars:

Annotations:
D:2 Terence


Innate Abilities, Weirdness & Mutations

You are immune to sickness and miasma.
Your stone body is resilient. (AC +3)
You are immune to poison.
You resist negative energy. (rN+)
You are resistant to electric shocks. (rElec)
You are resistant to unholy torment.
You are immune to petrification.


Message History

Aiming: Sandblast (safe; 3% risk of failure)
Press: ? - help, Shift-Dir - straight line, f/p - Terence
Aim: Terence, wielding a +2 flail of protection and wearing a +0 chain mail (85% to hit)
The blast of sand hits Terence but does no damage.
Terence barely misses you.
Unknown command.
Casting: Sandblast (safe; 3% risk of failure)
Confirm with . or Enter, or press ? or * to list all spells.
Aiming: Sandblast (safe; 3% risk of failure)
Press: ? - help, Shift-Dir - straight line, f/p - Terence
Aim: Terence, wielding a +2 flail of protection and wearing a +0 chain mail (85% to hit)
The blast of sand hits Terence but does no damage.
Terence hits you with a +2 flail of protection!
* * * LOW HITPOINT WARNING * * *
Terence screams, "I want your blood!"
There is a stone staircase leading up here.
Casting: Sandblast (safe; 3% risk of failure)
Confirm with . or Enter, or press ? or * to list all spells.
Aiming: Sandblast (safe; 3% risk of failure)
Press: ? - help, Shift-Dir - straight line, f/p - Terence
Aim: Terence, wielding a +2 flail of protection and wearing a +0 chain mail (85% to hit)
The blast of sand hits Terence but does no damage.
Terence closely misses you.
Casting: Sandblast (safe; 3% risk of failure)
Confirm with . or Enter, or press ? or * to list all spells.
Aiming: Sandblast (safe; 3% risk of failure)
Press: ? - help, Shift-Dir - straight line, f/p - Terence
Aim: Terence, wielding a +2 flail of protection and wearing a +0 chain mail (85% to hit)
The blast of sand hits Terence but does no damage.
Terence misses you.
Unknown command.
Casting: Sandblast (safe; 3% risk of failure)
Confirm with . or Enter, or press ? or * to list all spells.
Aiming: Sandblast (safe; 3% risk of failure)
Press: ? - help, Shift-Dir - straight line, f/p - Terence
Aim: Terence, wielding a +2 flail of protection and wearing a +0 chain mail (85% to hit)
The blast of sand hits Terence but does no damage.
The hobgoblin hits you but does no damage.
Terence hits you with a +2 flail of protection.
You die...

### #.. #.# #.# #.# #.#
############### #.#
#.............#
#<#######.............#
..[.)...'.....>@@÷....#
#.#.#.###......g......#
#.#.#.# #.............#
#.#.#.###.............#
#.#^#.##....##'########
###.#.##....##......#
..............#####.#
###.#.#######.# #.#
#.#....g....#.# #.#


You could see Terence and a hobgoblin.

Vanquished Creatures
  3 ball pythons
  An endoplasm (D:1)
  4 hobgoblins
  3 jackals (D:1)
  A kobold (D:1)
  3 quokkas
  5 bats
  A frilled lizard (D:1)
  3 goblins
  4 rats
28 creatures vanquished.

Notes
Turn   | Place    | Note
-------+----------+-------------------------------------------
     0 | D:1      | safid the Gargoyle Earth Elementalist began the quest for
                  | the Orb.
     0 | D:1      | Reached XP level 1. HP: 10/10 MP: 3/3
   365 | D:1      | Reached skill level 1 in Transmutations
   365 | D:1      | Reached XP level 2. HP: 4/16 MP: 0/5
  1273 | D:1      | Reached skill level 1 in Fighting
  1311 | D:1      | Found a faded altar of an unknown god.
  1939 | D:2      | Reached XP level 3. HP: 17/20 MP: 6/6
  2006 | D:2      | Reached skill level 4 in Earth Magic
  2519 | D:2      | Noticed Terence
  2534 | D:2      | HP: 1/20 [Terence/+2 flail of protection (7)]
  2570 | D:2      | Slain by Terence

Illustrated notes

Levels and vault maps discovered:
D:1:      amcnicky_arrival_single_pillar, layout_basic,
          shapermc_ecumenical_altar_mp_highgroup
D:2:      layout_basic, uniq_terence

Skill      XL: |  1  2  3 |
---------------+----------+-----
Transmutations | 1 |  1.0
Fighting       | 1 |  1.3
Earth Magic    | 4 |  4.0
Dodging        | 2 |  2.0
Stealth        | |  2.1
Spellcasting   | |  2.3

Action                   || total
-------------------------++-------
Melee: Club              ||    13
       Unarmed           ||     1
       Short sword       ||    78
       Punch             ||     1
 Cast: Sandblast         ||    22
 Stab: Sleeping          ||     1
Armor: Robe              ||    39
Dodge: Dodged            ||    80
